AoeStats
← Noder Neder WAKANDA

Nomad

510352729Analyzed
4v4 RM · 23h ago on Sep 30, 2026· 40m 22s· 8 players
Game mode
Random Map
Map size
231×231
Population
200
Speed
Normal
Resources
Standard
Victory
Conquest
Starting age
Dark Age
Ending age
Imperial Age
RankedLock teamsTeams togetherTeam positionsShared explorationLock speedFull tech treeHidden civsTurbo modeCheats
Victory
Defeat
🇮🇱 Italians · Israel
929
+14
🇩🇪 Saxons · Germany
891
+15
🇷🇺 Varangians · Russia
877
+16
795
+18
🇦🇷 Teutons · Argentina
924
-18
🇹🇷 Turks · Türkiye
875
-40
🇹🇻 Britons · Tuvalu
869
-29
🇲🇽 Malay · Mexico
810
-13
PROtektorKaiser
5:51 Loom
13:43 Feudal Age
15:58 Double-Bit Axe
19:31 Fishing Lines
22:15 Castle Age
20:11 Gold Mining
21:12 Fletching
21:36 Forging
21:27 Scale Mail Armor
24:21 Bodkin Arrow
24:44 Bow Saw
24:27 Gillnets
24:33 Stone Mining
25:18 Horse Collar
27:09 Wheelbarrow
29:12 Iron Casting
31:40 Padded Archer Armor
32:43 Squires
33:03 Chain Mail Armor
33:04 Leather Archer Armor
34:52 Gold Shaft Mining
35:58 Hand Cart
38:59 Imperial Age
38:37 Scale Barding Armor
39:26 Elite Varangian Guard
40:41 Plate Mail Armor
40:12 Bracer
Noder Neder WAKANDA
16:00 Feudal Age
18:57 Double-Bit Axe
20:07 Fishing Lines
22:19 Bloodlines
25:26 Castle Age
23:52 Scale Barding Armor
23:57 Forging
25:24 Arson
26:48 Wheelbarrow
25:58 Town Watch
25:59 Loom
26:07 Gillnets
26:36 Squires
25:56 Pikeman
27:57 Chain Barding Armor
28:13 Iron Casting
27:38 Scale Mail Armor
27:02 Light Cavalry
32:00 Chain Mail Armor
31:36 Fletching
31:46 Padded Archer Armor
33:36 Husbandry
34:43 Ballistics
34:13 Heated Shot
34:03 Treadmill Crane
34:34 Masonry
36:08 Gold Mining
36:08 Stone Mining
36:53 Bodkin Arrow
37:13 Leather Archer Armor
38:57 Bow Saw
✞VasyaTheBlackTiger {Mark}✞^
20:28 Feudal Age
21:40 Double-Bit Axe
21:38 Horse Collar
22:41 Wheelbarrow
21:58 Gold Mining
22:50 Fishing Lines
24:27 Stone Mining
28:23 Castle Age
27:47 Scale Mail Armor
27:54 Scale Barding Armor
34:48 Bow Saw
34:41 Heavy Plow
35:18 Chain Mail Armor
34:29 Pikeman
36:00 Hand Cart
37:27 Gold Shaft Mining
40:49 Imperial Age
39:21 Corvinian Army
Light
3:21 Loom
16:04 Feudal Age
16:29 Double-Bit Axe
18:23 Horse Collar
21:49 Castle Age
25:37 Town Watch
26:32 Wheelbarrow
28:14 Fletching
28:49 Bodkin Arrow
34:44 Imperial Age
34:43 Scale Mail Armor
34:48 Scale Barding Armor
34:55 Forging
37:54 Scale Barding Armor
38:24 Iron Casting
37:38 Arson
37:39 Gambesons
37:54 Squires
39:29 Chemistry
38:53 Ballistics
40:12 Heavy Plow
41:01 Chain Barding Armor
41:41 Blast Furnace
40:48 Husbandry
40:58 Bloodlines
Silver
4:37 Loom
15:11 Feudal Age
14:51 Double-Bit Axe
14:57 Fishing Lines
16:08 Wheelbarrow
17:40 Horse Collar
22:26 Castle Age
22:31 Bow Saw
22:16 Gillnets
22:26 Gillnets
23:33 Stone Mining
25:32 Heavy Plow
27:20 Stone Shaft Mining
26:36 Gold Mining
29:14 Hand Cart
30:50 Gold Shaft Mining
31:37 Forging
36:57 Imperial Age
34:26 Arson
34:41 Squires
34:03 Pikeman
35:21 Iron Casting
34:33 Light Cavalry
36:55 Conscription
37:47 Man-at-Arms
40:05 Blast Furnace
38:28 Halberdier
thaskyn
18:42 Feudal Age
19:33 Double-Bit Axe
21:07 Fishing Lines
33:07 Castle Age
Pradera Siberiana
3:50 Loom
16:14 Feudal Age
18:16 Double-Bit Axe
21:03 Castle Age
19:25 Gold Mining
19:26 Stone Mining
26:14 Scale Barding Armor
28:12 Wheelbarrow
30:27 Hand Cart
36:03 Imperial Age
37:56 Forging
37:54 Cavalier
Wastro96
17:06 Feudal Age
19:15 Wheelbarrow
24:23 Stone Mining
24:26 Gold Mining
24:28 Loom
26:46 Castle Age
25:24 Man-at-Arms
31:41 Double-Bit Axe
Connection lost

Rejoining the realm…

Still unreachable

The connection could not be restored.

Session expired

The server has moved on; the page needs a fresh start.